 Dungeon Crawl Stone Soup version 0.14.0-15-g6b16f67 (webtiles) character file.

543 Heini the Chopper (level 6, -1/57 HPs)
             Began as a Hill Orc Fighter on Apr 18, 2014.
             Slain by an ogre
             ... wielding a +0,+0 giant club
              (12 damage)
             ... on Level 4 of the Dungeon.
             The game lasted 00:07:51 (2651 turns).

Heini the Chopper (Hill Orc Fighter)                Turns: 2651, Time: 00:07:51

HP  -1/57        AC 10     Str 21      XL: 6   Next: 76%
MP   6/6         EV  5     Int  8      God:
Gold 161         SH 18     Dex 10      Spells:  0 memorised,  5 levels left

rFire  . . .     SeeInvis .     a - +0 war axe
rCold  . . .     Clarity  .     j - +0 chain mail
rNeg   . . .     Conserve .     c - +0 shield
rPois  .         rCorr    .     (no helmet)
rElec  .         rRot     .     C - +0 cloak
SustAb . .       Spirit   .     (no gloves)
rMut   .         Warding  .     (no boots)
Saprov + . .     Stasis   .     (no amulet)
MR     .....                    (no ring)
                                (no ring)

@: not resistant to hostile enchantments, extremely unstealthy
A: saprovore 1
a: no special abilities


You were on level 4 of the Dungeon.
You were not hungry.

You visited 1 branch of the dungeon, and saw 4 of its levels.

You collected 161 gold pieces.

Inventory:

Hand weapons
 a - a +0,+0 war axe (weapon)
Armour
 c - a +0 shield (worn)
 j - a +0 chain mail (worn)
 C - a +0 cloak (worn)
Comestibles
 d - a meat ration
 i - a slice of pizza
 n - a lemon
 q - a pear
 r - a bread ration
 t - 4 chunks of orc flesh
 w - a beef jerky
 A - a choko
Scrolls
 b - 2 scrolls of teleportation {unknown}
 f - 6 scrolls of remove curse {unknown}
 h - 4 scrolls of identify {unknown}
 p - a scroll of enchant armour {unknown}
 u - 2 scrolls of fear {unknown}
 v - a scroll of recharging {unknown}
 y - a scroll of immolation {unknown}
 B - a scroll of amnesia {unknown}
Jewellery
 l - an uncursed amulet of resist corrosion {unknown}
Potions
 e - 2 potions of might
 g - 7 potions of curing {unknown}
 k - 2 potions of agility {unknown}
 m - 2 potions of mutation {unknown}
 s - 2 potions of heal wounds {unknown}
 x - a potion of invisibility {unknown}
 z - a potion of magic {unknown}
 D - a potion of lignification {unknown}
Books
 o - a book of Enchantments

   Spells                             Type                      Level
   Cause Fear                         Hexes                        4
   Silence                            Hexes/Air                    5
   Tukima's Dance                     Hexes                        5
   Deflect Missiles                   Charms/Air                   6
   Haste                              Charms                       6
   Discord                            Hexes                        8


   Skills:
 * Level 6.0 Fighting
 * Level 6.3 Axes
 + Level 4.6 Armour
 - Level 3.2 Shields


You had 5 spell levels left.
You didn't know any spells.

Dungeon Overview and Level Annotations

Branches:
Dungeon (4/15)
 Temple: D:4-7

Altars:
Kikubaaqudgha
Vehumet


Innate Abilities, Weirdness & Mutations

You can tolerate rotten meat.


Message History

You kill the hobgoblin!
You barely miss the ogre.
The ogre is moderately wounded.
You block the ogre's attack. The ogre hits you but does no damage.
Your shield and chain mail prevent you from hitting the ogre.
The ogre is moderately wounded.
Your shield and chain mail prevent you from hitting the orc.
You slash the ogre!
The ogre is severely wounded.
The ogre hits you with a giant club! The orc hits you but does no damage.
You block the ogre's attack.
You slash the ogre!
The ogre is almost dead.
You closely miss the orc.
Your chain mail prevents you from hitting the ogre.
The ogre is moderately wounded.
The orc hits you but does no damage. The ogre hits you with a giant club!
* * * LOW HITPOINT WARNING * * *
The ogre hits you with a giant club!
You die...

######################
..#...............#....
........................
........................
........................
........O................
?.....!o@............)..(
......#O....#...#..#.)...
#### ###########.#######
#[# #.# #.# #.# #.# #.#


You could see 2 ogres and an orc.

Vanquished Creatures
  A giant frog (D:4)
  2 scorpions
  An orc priest (D:3)
  An orc wizard (D:4)
  A worker ant (D:4)
  7 adders
  A worm (D:3)
  4 giant geckos
  8 orcs
  A giant cockroach (D:1)
  8 goblins
  13 hobgoblins
  2 quokkas
  A ball python (D:3)
  8 bats
  4 giant newts
  4 jackals
  9 kobolds
  9 rats
85 creatures vanquished.

Notes
Turn   | Place    | Note
--------------------------------------------------------------
     0 | D:1      | Heini, the Hill Orc Fighter, began the quest for the Orb.
     0 | D:1      | Reached XP level 1. HP: 19/19 MP: 1/1
   116 | D:1      | Reached skill level 4 in Fighting
   116 | D:1      | Reached XP level 2. HP: 24/27 MP: 2/2
   589 | D:2      | Reached XP level 3. HP: 31/33 MP: 3/3
   829 | D:2      | Found a radiant altar of Vehumet.
  1015 | D:2      | Reached XP level 4. HP: 41/41 MP: 4/4
  1327 | D:3      | Reached skill level 5 in Fighting
  1359 | D:3      | Reached XP level 5. HP: 18/48 MP: 5/5
  2001 | D:3      | Reached skill level 5 in Axes
  2297 | D:4      | Reached XP level 6. HP: 51/57 MP: 6/6
  2457 | D:4      | Found an ancient bone altar of Kikubaaqudgha.
  2497 | D:4      | Reached skill level 6 in Fighting
  2643 | D:4      | Noticed an ogre
  2644 | D:4      | Noticed an ogre
  2651 | D:4      | Slain by an ogre

Action                   |  1- 3 |  4- 6 || total
-------------------------+-------+-------++-------
Melee: War axe           |   118 |   189 ||   307
